 Dungeon Crawl Stone Soup version 0.26-a0-597-gb535b0901c (webtiles) character file.

Game seed: 15991299994194173682

207 Ge0ff the Poker (level 5, -1/45 HPs)
             Began as a Draconian Abyssal Knight on Aug 26, 2020.
             Was a Priest of Lugonu.
             Slain by a hippogriff (7 damage)
             ... on level 3 of the Dungeon.
             The game lasted 00:03:37 (3652 turns).

Ge0ff the Poker (Draconian Abyssal Knight)          Turns: 3652, Time: 00:03:38

Health: -1/45      AC:  5    Str: 14    XL:     5   Next: 54%
Magic:  6/6        EV: 12    Int: 13    God:    Lugonu [***...]
Gold:   237        SH:  3    Dex: 11    Spells: 4/4 levels left

rFire    . . .     SeeInvis .   a - +1 spear
rCold    . . .     Faith    .   h - +0 buckler
rNeg     . . .     Spirit   .   (armour unavailable)
rPois    .         Reflect  .   (helmet restricted)
rElec    .         Harm     .   (no cloak)
rCorr    .                      (no gloves)
MR       .....                  (no boots)
Stlth    +.........             (no amulet)
HPRegen  0.15/turn              (no ring)
MPRegen  0.10/turn              (no ring)

@: no status effects
A: unfitting armour, cold-blooded, AC +5
a: Depart the Abyss, Bend Space, Banish, Renounce Religion


You were on level 3 of the Dungeon.
You worshipped Lugonu.
Lugonu was most pleased with you.
You visited 1 branch of the dungeon, and saw 3 of its levels.
You visited the Abyss 1 time.

You collected 237 gold pieces.

Inventory:

Hand Weapons
 a - a +1 spear (weapon)
 n - a +0 hunting sling
Missiles
 e - 105 stones (quivered)
Armour
 h - a +0 buckler (worn)
Wands
 x - a wand of random effects (29)
Scrolls
 b - a scroll of remove curse {unknown}
 c - 6 scrolls of identify {unknown}
 d - 3 scrolls of fear {unknown}
 f - a scroll of amnesia {unknown}
 i - a scroll of magic mapping {unknown}
 j - a scroll of fog {unknown}
Potions
 g - a potion of might {unknown}
 k - a potion of cancellation {unknown}
 l - a potion of degeneration {unknown}
 m - 2 potions of lignification {unknown}


   Skills:
 - Level 3.2 Fighting
 * Level 5.7 Polearms
 - Level 2.1 Dodging
 - Level 1.0 Shields
 - Level 2.0 Invocations


You had 4 spell levels left.
You didn't know any spells.
Your spell library contained the following spells:

 Spells                   Type           Power        Failure   Level
 Animate Skeleton         Necr           #.....       41%         1
 Apportation              Tloc           #.....       41%         1
 Corona                   Hex            #......      41%         1
 Summon Small Mammal      Summ           #...         41%         1
 Cause Fear               Hex            #.........   99%         4
 Silence                  Hex/Air        #.........   100%        5
 Yara's Violent Unravell  Hex/Tmut       #.........   100%        5
 Discord                  Hex            #.........   100%        8


Dungeon Overview and Level Annotations

Branches:
Dungeon (3/15)

Altars:
Ru
The Shining One


Innate Abilities, Weirdness & Mutations

Your plain brown scales are hard. (AC +5)
You cannot fit into any form of body armour.
You are cold-blooded and may be slowed by cold attacks.


Message History

You hit the hippogriff.
The hippogriff is severely wounded.
The hippogriff bites you but does no damage.
The hippogriff pecks you. The hippogriff misses you.
You hit the hippogriff.
The hippogriff is almost dead.
The hippogriff bites you!
* * * LOW HITPOINT WARNING * * *
The hippogriff completely misses you. You block the hippogriff's attack.
You strike the helpless hippogriff from behind!
You hit the hippogriff.
The hippogriff is almost dead.
The hippogriff barely misses you. The hippogriff misses you.
The hippogriff claws you!
* * * LOW HITPOINT WARNING * * *
You catch the helpless hippogriff completely off-guard!
You hit the hippogriff.
The hippogriff is almost dead.
The hippogriff seems less confused.
The hippogriff bites you!
You die...

.......).........÷........#
....)....#...#...##'#######
.##.###.###.###...#.#
....#.....###.÷.....#
..###.#.###.###.#.###
...##....#[..#....#
#..##).#†.)#.....##
#(....###.###.##########
..#.....###.....@H......
#####.### ###.##########
...# #... ..... .....
##...#######. ##### . ##


You could see a hippogriff.

Vanquished Creatures
  A bullfrog (D:3)
  Ijyb (D:3)
  2 adders
  4 worms
  2 dart slugs (D:2)
  2 leopard geckos
  6 giant cockroaches
  15 goblins
  9 hobgoblins
  A jackal (D:3)
  4 kobolds
  2 quokkas
  2 ball pythons (D:1)
  15 bats
  8 frilled lizards
  9 rats
83 creatures vanquished.

Notes
Turn   | Place    | Note
-------+----------+-------------------------------------------
     0 | Abyss:1  | Ge0ff the Draconian Abyssal Knight began the quest for the
                  | Orb.
     0 | Abyss:1  | Reached XP level 1. HP: 19/19 MP: 2/2
    35 | D:1      | Escaped the Abyss
   362 | D:1      | Reached XP level 2. HP: 26/26 MP: 3/3
   505 | D:1      | Reached skill level 3 in Polearms
   621 | D:1      | Reached ** piety under Lugonu
  1243 | D:1      | Reached XP level 3. HP: 31/31 MP: 4/4
  2078 | D:2      | Reached skill level 4 in Polearms
  2181 | D:2      | Reached skill level 1 in Shields
  2224 | D:2      | Reached XP level 4. HP: 26/38 MP: 5/5
  2632 | D:3      | Reached *** piety under Lugonu
  3100 | D:3      | Found a sacrificial altar of Ru.
  3100 | D:3      | Found a glowing golden altar of the Shining One.
  3151 | D:3      | Noticed Ijyb
  3173 | D:3      | Killed Ijyb
  3173 | D:3      | Reached skill level 5 in Polearms
  3173 | D:3      | Reached XP level 5. HP: 36/45 MP: 6/6
  3639 | D:3      | Noticed a hippogriff
  3652 | D:3      | Slain by a hippogriff

Illustrated notes

Levels and vault maps discovered:
D:1:      dpeg_arrival_rooms_c, layout_basic, serial_bayou_lake_a
D:2:      layout_basic
D:3:      kennysheep_the_goblin_king, layout_basic,
          gammafunk_temple_overflow_elements, minmay_between

Skill      XL: |  1  2  3  4 |
---------------+-------------+-----
Polearms       | 3 4 5 |  5.7
Shields        | 1 |  1.0
Fighting       | |  3.2
Dodging        | |  2.1
Invocations    | |  2.0

Action                   |  1- 3 |  4- 6 || total
-------------------------+-------+-------++-------
Melee: Spear             |   159 |   127 ||   286
       Tailslap          |     8 |    15 ||    23
Throw: Stone             |    92 |    43 ||   135
Evoke: Wand              |       |     1 ||     1
 Stab: Confused          |       |     4 ||     4
Armor: Skin              |    18 |    35 ||    53
Dodge: Dodged            |    57 |    34 ||    91
Block: Buckler           |     7 |    19 ||    26

Table legend: (Time is in decaauts)
 A = Elapsed time spent in this place.
 B = Non-inter-level travel time spent in this place.
 C = Inter-level travel time spent in this place.
 D = Time resting spent in this place.
 E = Time spent auto-exploring this place.
 F = Levels seen in this place.
 G = Mean time per level.
                   A        B        C        D        E       F      G
               +--------+--------+--------+--------+--------+-----+--------+
         Total |   3680 |   3611 |     69 |      0 |   2743 |   4 |  920.0 |
       Dungeon |   3643 |   3574 |     69 |      0 |   2743 |   3 | 1214.3 |
         Abyss |     37 |     37 |      0 |      0 |      0 |   1 |   37.0 |
               +--------+--------+--------+--------+--------+-----+--------+

Top non-repeatable levels by time:
     D:1: 1491 daAuts
     D:2: 1116 daAuts
     D:3: 1034 daAuts
 Abyss:1: 37 daAuts
